 Dungeon Crawl Stone Soup version 0.24-a0-378-g94936e539c (webtiles) character file.

Game seed: 11667009126818375368

41 HAL9000 the Ruffian (level 3, -3/28 HPs)
             Began as a Draconian Transmuter on June 1, 2019.
             Killed from afar by an orc wizard (7 damage)
             ... with a magic dart
             ... on level 2 of the Dungeon.
             The game lasted 00:01:49 (1312 turns).

HAL9000 the Ruffian (Draconian Transmuter)          Turns: 1312, Time: 00:01:51

Health: -3/28      AC:  5    Str: 13    XL:     3   Next: 32%
Magic:  6/6        EV: 12    Int: 13    God:
Gold:   45         SH:  0    Dex: 11    Spells: 5/6 levels left

rFire    . . .     SeeInvis .     - Unarmed
rCold    . . .     Gourm    .   (no shield)
rNeg     . . .     Faith    .   (armour unavailable)
rPois    .         Spirit   .   (helmet restricted)
rElec    .         Reflect  .   (no cloak)
rCorr    .         Harm     .   (no gloves)
MR       .....                  (no boots)
Stlth    +.........             (no amulet)
HPRegen  0.09/turn              (no ring)
MPRegen  0.10/turn              (no ring)

@: slowed, very slow
A: unfitting armour, cold-blooded, AC +5
a: no special abilities


You were on level 2 of the Dungeon.
You were hungry.

You visited 1 branch of the dungeon, and saw 2 of its levels.

You collected 45 gold pieces.

Inventory:

Missiles
 a - 12 arrows
 g - 3 boomerangs (quivered)
Scrolls
 b - a scroll of magic mapping {unknown}
 d - 2 scrolls of enchant armour {unknown}
 e - 3 scrolls of identify {unknown}
Potions
 f - a potion of brilliance {unknown}
Comestibles
 c - a ration
 h - a chunk of flesh


   Skills:
 - Level 1.1 Fighting
 - Level 1.7 Dodging
 + Level 3.9 Unarmed Combat
 - Level 2.0 Spellcasting
 * Level 2.8 Transmutations


You had 5 spell levels left.
You knew the following spells:

 Your Spells              Type           Power        Failure   Level  Hunger
a - Beastly Appendage     Tmut           #.....       8%          1    ##.....

Your spell library contained the following spells:

 Spells                   Type           Power        Failure   Level  Hunger
 Sticks to Snakes         Tmut           #.......     12%         2    ###....
 Spider Form              Tmut/Pois      #.........   38%         3    ####...
 Ice Form                 Ice/Tmut       #.......     80%         4    #####..
 Blade Hands              Tmut           #.........   91%         5    ######.


Dungeon Overview and Level Annotations

Branches:
Dungeon (2/15)

Altars:


Innate Abilities, Weirdness & Mutations

Your plain brown scales are hard. (AC +5)
You cannot fit into any form of body armour.
You are cold-blooded and may be slowed by cold attacks.


Message History

* * * LOW HITPOINT WARNING * * *
The orc wizard gestures wildly while chanting.
The orc wizard blinks!
Throwing (i - inventory)
g - 3 boomerangs (quivered)
Press: ? - help, Shift-Dir - straight line, f - orc wizard
Aim: an orc wizard, wielding a +0 dagger and wearing a +0 robe (almost dead, fast)
You throw a boomerang.
The boomerang hits the orc wizard but does no damage.
The orc wizard is almost dead.
The orc wizard is no longer moving quickly.
Throwing (i - inventory)
g - 3 boomerangs (quivered)
Press: ? - help, Shift-Dir - straight line, f/p - orc wizard
Aim: an orc wizard, wielding a +0 dagger and wearing a +0 robe (almost dead)
You throw a boomerang.
The boomerang hits the orc wizard but does no damage.
The orc wizard is almost dead.
Your talons disappear.
The orc wizard casts a spell at you. The magic dart hits you!
You die...

##########
#<..)....#
######@###
#o# #.#
#.# #.#
#.# #.#
..#


You could see an orc wizard.

Vanquished Creatures
  2 oozes (D:1)
  A leopard gecko (D:1)
  2 orcs (D:2)
  2 giant cockroaches (D:1)
  5 goblins (D:1)
  5 hobgoblins (D:1)
  2 bats (D:1)
  A frilled lizard (D:1)
  4 kobolds (D:1)
  3 rats (D:1)
27 creatures vanquished.

Notes
Turn   | Place    | Note
-------+----------+-------------------------------------------
     0 | D:1      | HAL9000 the Draconian Transmuter began the quest for the
                  | Orb.
     0 | D:1      | Reached XP level 1. HP: 16/16 MP: 3/3
   117 | D:1      | Reached XP level 2. HP: 11/23 MP: 1/5
   649 | D:1      | Reached XP level 3. HP: 22/28 MP: 4/6
  1312 | D:2      | Killed from afar by an orc wizard

Levels and vault maps discovered:
D:1:      scummos_arrival_simple_crosswalls, layout_basic, serial_corexii_hall,
          chequers_hall_statues_wall_a, corexii_hall_statues_u
D:2:      layout_basic, minmay_misc_feat_columns, uniq_crazy_yiuf_cottage

Action                   || total
-------------------------++-------
Melee: Unarmed           ||    78
       Tailslap          ||     4
       Headbutt          ||     8
       Kick              ||     4
       Punch             ||     1
Throw: Boomerang         ||     5
 Cast: Beastly Appendage ||    14
  Eat: Chunk             ||     1
Armor: Skin              ||    17
Dodge: Dodged            ||    32

Table legend:
 A = Non-vault XP
 B = Vault XP
 C = Vault XP percentage of total XP
 D = Non-vault monster count
 E = Vault monster count
 F = Vault count percentage of total count
                 A         B        C        D         E       F
            +---------+---------+-------+---------+---------+-------
      Total |      59 |       0 |   0.0 |      27 |       0 |   0.0
            +---------+---------+-------+---------+---------+-------
        D:1 |      53 |       0 |   0.0 |      25 |       0 |   0.0
        D:2 |       6 |       0 |   0.0 |       2 |       0 |   0.0
            +---------+---------+-------+---------+---------+-------
